 Dungeon Crawl Stone Soup version 0.28.0-53-g5a82cb258f (webtiles) character file.

Game seed: 761705313291229207

360 Stomo the Tainted (level 6, -11/46 HPs)
             Began as a Demonspawn Gladiator on July 4, 2022.
             Was a Follower of Yredelemnul.
             Mangled by an iguana (12 damage)
             ... while paralysed by Grinder
             ... on level 4 of the Dungeon.
             The game lasted 00:05:49 (4259 turns).

Stomo the Tainted (Demonspawn Gladiator)            Turns: 4259, Time: 00:05:52

Health: -11/46     AC:  3    Str: 16    XL:     6   Next: 38%
Magic:  10/10      EV:  2    Int:  9    God:    Yredelemnul [*.....]
Gold:   173        SH:  0    Dex: 15    Spells: 5/5 levels left

rFire   . . .      SeeInvis .   a - +0 flail
rCold   . . .      Faith    .   (no shield)
rNeg    . . .      Spirit   .   b - +0 leather armour
rPois   .          Reflect  .   (helmet restricted)
rElec   .          Harm     .   (no cloak)
rCorr   .          Rampage  .   (no gloves)
Will    .....                   (no boots)
Stlth   +.........              (no amulet)
HPRegen 0.15/turn               (no ring)
MPRegen 0.12/turn               (no ring)

@: paralysed
A: antennae 1, demonic guardian 1, demonic magic 1
a: Renounce Religion, Recall Undead Harvest


You were on level 4 of the Dungeon.
You worshipped Yredelemnul.
Yredelemnul was noncommittal.
You visited 1 branch of the dungeon, and saw 5 of its levels.

You collected 173 gold pieces.

Inventory:

Hand Weapons
 a - a +0 flail (weapon)
Missiles
 d - a throwing net (quivered)
Armour
 b - a +0 leather armour (worn)
 c - a +0 helmet
Wands
 m - a wand of flame (10)
Scrolls
 e - a scroll of teleportation {unknown}
 g - a scroll of blinking {unknown}
 h - 4 scrolls of identify
 n - a scroll of amnesia
Potions
 f - 3 potions of heal wounds
 i - a potion of brilliance {unknown}
 j - a potion of ambrosia {unknown}
 k - a potion of lignification {unknown}
 l - a potion of haste {unknown}
 o - a potion of curing {unknown}


   Skills:
 - Level 2.7 Fighting
 - Level 3.2 Maces & Flails
 - Level 1.7 Throwing
 - Level 1.3 Armour
 - Level 3.2 Dodging
 + Level 6.6 Invocations


You had 5 spell levels left.
You didn't know any spells.
Your spell library contained the following spells:

 Spells                   Type           Power      Damage    Failure   Level
 Ozocubu's Armour         Ice            0%         N/A       83%         3
 Tukima's Dance           Hex            0%         N/A       83%         3
 Passage of Golubria      Tloc           0%         N/A       99%         4
 Metabolic Englaciation   Hex/Ice        0%         N/A       100%        5
 Yara's Violent Unravell  Hex/Tmut       0%         3d3       100%        5
 Simulacrum               Ice/Necr       0%         N/A       100%        6


Dungeon Overview and Level Annotations

Branches:
Dungeon (5/15)
 Temple: D:4-7

Altars:
Elyvilon
Vehumet
Yredelemnul
The Shining One

Shops:
D:4 :

Annotations:
D:4 Grinder


Innate Abilities, Weirdness & Mutations

You have a pair of small antennae on your head.
A weak demonic guardian rushes to your aid.
Spells you cast may paralyse adjacent enemies.


Message History

Grinder closely misses you.
Your hound zombie bites Grinder.
Your adder zombie bites Grinder.
The ogre closely misses your adder zombie.
Unknown command.
You sock Grinder!
Grinder is heavily wounded.
Your hound zombie bites Grinder.
Grinder gestures at you.
You suddenly lose the ability to move!
Your adder zombie bites Grinder.
Your hound zombie bites Grinder but does no damage.
The ogre barely misses your adder zombie.
Grinder hits you but does no damage.
Your adder zombie bites Grinder.
Your hound zombie bites Grinder.
The ogre barely misses your adder zombie.
Grinder gestures at you.
You shrug off the repeated paralysis!
The iguana bites you!
Your adder zombie bites Grinder but does no damage.
Your hound zombie bites Grinder.
Your adder zombie closely misses Grinder.
Your hound zombie barely misses Grinder.
Grinder gestures at your hound zombie.
Your hound zombie suddenly stops moving!
The iguana bites you. The ogre misses your adder zombie.
Your adder zombie misses Grinder.
Grinder hits your hound zombie. The iguana bites you!
* * * LOW HITPOINT WARNING * * *
A demonic guardian appears!
The ogre closely misses your adder zombie.
Your ufetubus barely misses the ogre.
Your ufetubus closely misses the ogre.
Your adder zombie bites Grinder.
Grinder hits your hound zombie! The iguana bites you.
* * * LOW HITPOINT WARNING * * *
Your ufetubus hits the ogre but does no damage.
Your ufetubus hits the ogre.
Your adder zombie bites Grinder.
The ogre hits your adder zombie with a +0 giant club!
Grinder says, "Don't move a muscle."
Grinder closely misses your adder zombie.
The iguana bites you!
You die...
Your body rises from the dead as a mindless zombie.

#.# ##.#.#### .. #.#
##...... #.
###.############ #
#.##.......# #. .
#?##.#.###.# #.
#.#.##.#.###.# #.
#.#.##.#..##.# #.
##.#l##.#...#{#######.
#...5@Z...#..Z........
#..5ZZ........#######.
#..O....##.#### #{
............#.# #Z
####........#.# #####.
#........#.######.....
................##.###.
####...###.#.###.##.#
#. #.###
#.#.###.##.###.


You could see Grinder (ally target), an ogre (ally target), an iguana, a
friendly spectral jelly, a friendly ufetubus (summoned), a friendly adder zombie
and a friendly hound zombie (paralysed).

Vanquished Creatures
  A centaur zombie (D:5)
  2 jellies
  An adder (D:3)
  3 gnolls (D:4)
  3 worms
  An orc (D:3)
  3 ball pythons
  6 endoplasms
  A giant cockroach (D:1)
  3 goblins
  9 hobgoblins
  3 quokkas
  4 bats
  12 frilled lizards
  4 rats
56 creatures vanquished.

Vanquished Creatures (collateral kills)
  A scorpion (D:4)
  A hound (D:4)
  An orc priest (D:3)
  4 adders
  A dart slug (D:2)
  2 orcs (D:3)
  A bat (D:3)
  An endoplasm (D:1)
  A goblin (D:2)
  2 hobgoblins
  2 kobolds (D:2)
  A ball python (D:3)
  3 frilled lizards (D:3)
21 creatures vanquished.

Vanquished Creatures (others)
  2 bat zombies
  A ball python zombie (D:4)
  A frilled lizard zombie (D:3)
  A gnoll zombie (D:4)
  3 hobgoblin zombies
  A spectral endoplasm (D:2)
  21 plants
30 creatures vanquished.

Grand Total: 107 creatures vanquished

Notes
Turn   | Place    | Note
-------+----------+-------------------------------------------
     0 | D:1      | Stomo the Demonspawn Gladiator began the quest for the Orb.
     0 | D:1      | Reached XP level 1. HP: 16/16 MP: 1/1
   201 | D:1      | Found a faded altar of an unknown god.
   230 | D:1      | Prayed at the altar of an unknown god.
   230 | D:1      | Became a worshipper of Yredelemnul the Dark
   230 | D:1      | Reached * piety under Yredelemnul
   378 | D:1      | Gained mutation: Spells you cast may paralyse adjacent
                  | enemies. [demonic ancestry]
   378 | D:1      | Reached XP level 2. HP: 22/22 MP: 2/2
   993 | D:2      | Reached skill level 1 in Invocations
  1334 | D:2      | Gained mutation: You have a pair of small antennae on your
                  | head. [demonic ancestry]
  1334 | D:2      | Reached XP level 3. HP: 28/28 MP: 3/3
  1563 | D:2      | Reached skill level 1 in Armour
  1795 | D:2      | Reached ** piety under Yredelemnul
  2243 | D:3      | Reached XP level 4. HP: 27/34 MP: 5/5
  2247 | D:3      | Reached skill level 2 in Invocations
  2479 | D:3      | Found a radiant altar of Vehumet.
  2628 | D:3      | Reached skill level 3 in Invocations
  3330 | D:4      | Found Ucuakhet's Book Shop.
  3330 | D:4      | You fall into a shaft and drop 1 floor!
  3330 | D:5      | Entered Level 5 of the Dungeon
  3356 | D:5      | Reached skill level 4 in Invocations
  3356 | D:5      | Gained mutation: A weak demonic guardian rushes to your
                  | aid. [demonic ancestry]
  3356 | D:5      | Reached XP level 5. HP: 15/39 MP: 6/8
  3686 | D:4      | Reached skill level 5 in Invocations
  3796 | D:4      | Reached XP level 6. HP: 3/46 MP: 8/10
  3801 | D:4      | Reached skill level 6 in Invocations
  4246 | D:4      | Noticed Grinder
  4254 | D:4      | Paralysed by Grinder for 6 turns
  4258 | D:4      | HP: 1/46 [iguana (6)]
  4259 | D:4      | Mangled by an iguana

Illustrated notes

Levels and vault maps discovered:
D:1:      dpeg_arrival_chambers_temple_mockup, layout_basic,
          ebering_ecumenical_altar_hall
D:2:      layout_basic, serial_bayou_lake_a
D:3:      layout_basic, gammafunk_temple_overflow_statue, elyvilon_altar_5,
          minmay_lizard_king
D:4:      layout_loops_ring, serial_shops, nicolae_stop_n_shop_1, minivault_1,
          nrook_uturn, uniq_grinder
D:5:      layout_loops_ring

Skill      XL: |  1  2  3  4  5  6 |
---------------+-------------------+-----
Invocations    | 1 4 5 6 |  6.6
Dodging        | 3 |  3.2
Maces & Flails | 3 |  3.2
Armour         | 1 |  1.3
Fighting       | |  2.7
Throwing       | |  1.7

Action                   |  1- 3 |  4- 6 || total
-------------------------+-------+-------++-------
Melee: Flail             |    89 |   116 ||   205
       Punch             |     1 |     1 ||     2
Throw: Throwing net      |     2 |       ||     2
  Use: Scroll            |     4 |       ||     4
       Potion            |       |     1 ||     1
 Stab: Distracted        |       |     2 ||     2
Armor: Leather armour    |    23 |    32 ||    55
Dodge: Dodged            |    46 |    83 ||   129
